 Dungeon Crawl Stone Soup version 0.27.0-1-g7a089689b8 (webtiles) character file.

Game seed: 12601334546063008647

14 rjrrt the Sneak (level 2, -6/14 HPs)
             Began as a Spriggan Brigand on Aug 11, 2021.
             Killed by nerve-wracking pain
             ... invoked by an orc priest
              (8 damage)
             ... on level 4 of the Dungeon.
             The game lasted 00:01:09 (154 turns).

rjrrt the Sneak (Spriggan Brigand)                   Turns: 154, Time: 00:01:10

Health: -6/14      AC:  3    Str:  7    XL:     2   Next: 31%
Magic:  3/3        EV: 16    Int: 12    God:
Gold:   18         SH:  0    Dex: 16    Spells: 1/1 levels left

rFire    . . .     SeeInvis +   a - +2 dagger
rCold    . . .     Faith    .   (shield restricted)
rNeg     . . .     Spirit   .   b - +0 robe
rPois    .         Reflect  .   (helmet restricted)
rElec    .         Harm     .   c - +0 cloak
rCorr    .         Rampage  .   (gloves unavailable)
Will     +....                  (boots unavailable)
Stlth    +++.......             (no amulet)
HPRegen  0.04/turn              h - ring of willpower
MPRegen  0.08/turn              (no ring)

@: very quick
A: very small, no large weapons, unfitting armour, see invisible, speed 3
a: no special abilities


You were on level 4 of the Dungeon.
You visited 1 branch of the dungeon, and saw 4 of its levels.

You collected 18 gold pieces.

Inventory:

Hand Weapons
 a - a +2 dagger (weapon)
Missiles
 d - a poisoned dart (quivered)
 e - 2 curare-tipped darts
Armour
 b - a +0 robe (worn)
 c - a +0 cloak (worn)
Jewellery
 h - a ring of willpower (left hand)
Scrolls
 g - a scroll of identify {unknown}
Potions
 f - a potion of might {unknown}


   Skills:
 + Level 1.6 Fighting
 + Level 2.3 Short Blades
 + Level 2.2 Throwing
 + Level 1.3 Dodging
 + Level 6.5 Stealth


You had one spell level left.
You didn't know any spells.
Your spell library was empty.

Dungeon Overview and Level Annotations

Branches:
Dungeon (4/15)
 Temple: D:4-7

Altars:


Innate Abilities, Weirdness & Mutations

You are very small and have problems with some larger weapons.
You are too small for most types of armour.
You have supernaturally acute eyesight. (SInv)
You cover ground extremely quickly. (Speed+++)


Message History

Aim: a goblin, wielding a +0 dagger (53% to hit)
You throw a poisoned dart. The poisoned dart hits the goblin.
The goblin is poisoned.
Unknown command.
Throw: 5 darts (poison)
Press: ? - help, Q - select action, (/) - cycle Shift-Dir - straight line, f/p - goblin
Aim: a goblin, wielding a +0 dagger (heavily wounded, poisoned, 53% to hit)
You throw a poisoned dart. The poisoned dart hits the goblin.
The goblin looks even sicker.
The goblin is heavily wounded.
You kill the goblin!
The orc priest calls down the wrath of Beogh upon you.
Beogh smites you!
Ouch! That really hurt!
* * * LOW HITPOINT WARNING * * *
You hear a shout!
Unknown command.
Throw: 4 darts (poison)
Press: ? - help, Q - select action, (/) - cycle Shift-Dir - straight line, f - orc priest
Aim: an orc priest, wielding a +0 trident (60% to hit)
You throw a poisoned dart. The poisoned dart hits the orc priest.
Unknown command.
Throw: 3 darts (poison)
Press: ? - help, Q - select action, (/) - cycle Shift-Dir - straight line, f/p - orc priest
Aim: an orc priest, wielding a +0 trident (60% to hit)
You throw a poisoned dart.
The poisoned dart barely misses the orc priest.
Unknown command.
Throw: 2 darts (poison)
Press: ? - help, Q - select action, (/) - cycle Shift-Dir - straight line, f/p - orc priest
Aim: an orc priest, wielding a +0 trident (60% to hit)
You throw a poisoned dart.
The poisoned dart closely misses the orc priest.
The poisoned dart barely misses the orc.
The orc priest looks braver for a moment.
Unknown command.
The orc priest mumbles some strange prayers to Beogh against you.
Pain shoots through your body!
Ouch! That really hurt!
You die...

######## #...)..#
## #......#
..##......#
........†.#####
......(o<.(o).###
...#......###...###
...#......# ###.@.#
o..######## ###.#
.o. #... ... ###.#
... ... ..# ...
.... ...


You could see an orc priest.

Vanquished Creatures
  An adder (D:4)
  An orc (D:3)
  A giant cockroach (D:3)
  2 goblins (D:4)
5 creatures vanquished.

Notes
Turn   | Place    | Note
-------+----------+-------------------------------------------
     0 | D:1      | rjrrt the Spriggan Brigand began the quest for the Orb.
     0 | D:1      | Reached XP level 1. HP: 10/10 MP: 2/2
    82 | D:3      | Reached skill level 6 in Stealth
   112 | D:4      | Noticed an orc priest
   128 | D:4      | Reached XP level 2. HP: 14/14 MP: 3/3
   154 | D:4      | Killed from afar by an orc priest

Illustrated notes

Levels and vault maps discovered:
D:1:      mrwooster_arrival_statue_2, layout_loops_corners,
          chequers_ecumenical_altar_island
D:2:      layout_rooms
D:3:      layout_loops_cross, lemuel_round_altar
D:4:      layout_rooms, kennysheep_generic_room_2

Skill      XL: |  1 |
---------------+----+-----
Stealth        | 6 |  6.5
Fighting       | |  1.6
Short Blades   | |  2.3
Throwing       | |  2.2
Dodging        | |  1.3

Action                   || total
-------------------------++-------
Melee: Dagger            ||     8
Throw: Dart              ||    12
 Stab: Sleeping          ||     1
Armor: Robe              ||     1
Dodge: Dodged            ||     4
